 Dungeon Crawl Stone Soup version 0.25.1-2-g60ff931df9 (webtiles) character file.

Game seed: 8576045739699459780

3665 Johnny the Geomancer (level 9, -3/62 HPs)
             Began as a Demigod Earth Elementalist on Oct 25, 2020.
             Shot with a sling bullet by Maurice (10 damage)
             ... on level 8 of the Dungeon.
             The game lasted 00:08:22 (8290 turns).

Johnny the Geomancer (Demigod Earth Elementalist)   Turns: 8290, Time: 00:08:22

Health: -3/62      AC: 10    Str: 11    XL:     9   Next: 58%
Magic:  4/22       EV: 11    Int: 25    God:
Gold:   0          SH:  0    Dex: 16    Spells: 7/20 levels left

rFire    . . .     SeeInvis .   c - +2 halberd (venom)
rCold    + . .     Gourm    .   (shield currently unavailable)
rNeg     . . .     Faith    .   E - +1 ring mail {MR+}
rPois    .         Spirit   .   (no helmet)
rElec    .         Reflect  .   b - +0 cloak
rCorr    .         Harm     .   a - +1 pair of gloves
MR       +....                  t - +0 pair of boots
Stlth    +.........             g - amulet of regeneration
HPRegen  0.60/turn              j - ring of wizardry
MPRegen  0.18/turn              A - ring of protection from cold

@: very slightly contaminated
A: high mp 1
a: no special abilities


You were on level 8 of the Dungeon.
You were hungry.

You visited 1 branch of the dungeon, and saw 8 of its levels.
You also visited: Ossuary.

You collected 132 gold pieces.
You spent 132 gold pieces at shops.

Inventory:

Hand Weapons
 c - a +2 halberd of venom (weapon)
 h - a cursed +3 spear of freezing
 C - a +0 dire flail of protection
Missiles
 B - 35 stones (quivered)
Armour
 a - a +1 pair of gloves (worn)
 b - a +0 cloak (worn)
 t - a +0 pair of boots (worn)
 E - a +1 ring mail of magic resistance (worn)
Jewellery
 g - an amulet of regeneration (around neck)
 j - a ring of wizardry (left hand)
 p - a cursed amulet of inaccuracy {unknown}
 A - a ring of protection from cold (right hand)
 F - an uncursed amulet of magic regeneration {unknown}
Wands
 v - a wand of paralysis (2)
 y - a wand of flame (4)
Scrolls
 f - 2 scrolls of magic mapping {unknown}
 l - a scroll of fog {unknown}
 m - 3 scrolls of remove curse
 I - a scroll of holy word {unknown}
Potions
 e - 2 potions of cancellation {unknown}
 i - 2 potions of degeneration {unknown}
 k - 3 potions of lignification {unknown}
 s - 2 potions of curing
 u - a potion of might {unknown}
 w - a potion of heal wounds {unknown}
 x - 3 potions of flight {unknown}
 z - a potion of berserk rage {unknown}
 D - 2 potions of magic
 G - a potion of resistance {unknown}
Comestibles
 d - 7 rations
 H - a chunk of flesh


   Skills:
 - Level 1.7 Dodging
 - Level 1.7 Stealth
   Level 6.1 Shields
 + Level 6.2 Spellcasting
 - Level 0.8 Transmutations
 * Level 9.8 Earth Magic


You had 7 spell levels left.
You knew the following spells:

 Your Spells              Type           Power        Failure   Level  Hunger
a - Sandblast             Erth           ######       1%          1    None
b - Stone Arrow           Conj/Erth      ####..       2%          3    None
c - Lee's Rapid Deconstr  Erth           ######....   3%          5    #####..
d - Petrify               Tmut/Erth      ####....     9%          4    ###....

Your spell library contained the following spells:

 Spells                   Type           Power        Failure   Level  Hunger
 Passwall                 Tmut/Erth      ####....     1%          2    None
 Beastly Appendage        Tmut           ##....       5%          1    None
 Shock                    Conj/Air       #...         8%          1    None
 Summon Small Mammal      Summ           #...         8%          1    None
 Sticks to Snakes         Tmut           ##......     8%          2    None
 Call Imp                 Summ           #.......     11%         2    None
 Swiftness                Chrm/Air       #.......     11%         2    None
 Spider Form              Tmut/Pois      #.........   17%         3    None
 Call Canine Familiar     Summ           #.......     21%         3    None
 Static Discharge         Conj/Air       #.......     21%         3    None
 Summon Guardian Golem    Hex/Summ       #.......     21%         3    None
 Ice Form                 Ice/Tmut       #.......     50%         4    ###....
 Airstrike                Air            #.........   54%         4    ###....
 Summon Ice Beast         Ice/Summ       #.......     54%         4    ###....
 Summon Lightning Spire   Summ/Air       #.......     54%         4    ###....
 Blade Hands              Tmut           ##........   77%         5    #####..
 Lightning Bolt           Conj/Air       #.........   86%         5    #####..


Dungeon Overview and Level Annotations

Branches:
Dungeon (8/15)             Temple (0/1) D:4         Ossuary (visited)
   Lair: D:8-11

Shops:
D:4 }(*

Annotations:
D:8 Maurice


Innate Abilities, Weirdness & Mutations

You have an increased reservoir of magic. (+10% MP)


Message History

A sling bullet appears from out of thin air!
The sling bullet hits you.
* * * LOW HITPOINT WARNING * * *
The sling bullet burns you.
* * * LOW HITPOINT WARNING * * *
You see here a sling bullet.
Casting: Sandblast (safe; 1% risk of failure)
Confirm with . or Enter, or press ? or * to list all spells.
You don't have enough magic to cast that spell.
A sling bullet appears from out of thin air!
The sling bullet hits you.
* * * LOW HITPOINT WARNING * * *
The sling bullet burns you.
* * * LOW HITPOINT WARNING * * *
You see here a sling bullet.
Unknown command.
Maurice appears from thin air!
Reactivating autopickup.
Maurice shoots a sling bullet.
The sling bullet hits you!
You die...

####.. ............
......##.##........
.........##).......
.........()#......(
.........#.########
...........(@.#
........##.##(#
........##.##(#
........##.##@#
........##.##.#
........##.##.#
........##.##..
........##.####
.......<#
...............
...[...........
...............


You could see Maurice (fast, swift).

Vanquished Creatures
  Joseph (D:8)
  Maggie (D:8)
  Grinder (D:5)
  Prince Ribbit (D:7)
  The ghost of Curus the Twirler, an amateur MiGl (D:5)
  Edmund (D:5)
  Duvessa (D:5)
  A sky beast (D:8)
  8 ogres
  3 centaurs (D:7)
  2 bullfrogs
  Dowan (D:5)
  3 wights (D:6)
  3 crimson imps
  2 jellies (D:6)
  3 orc wizards
  6 hounds
  2 iguanas (D:6)
  Crazy Yiuf (D:5)
  3 worker ants
  A hound skeleton (D:6)
  A hound zombie (D:5)
  8 mummies (Ossuary)
  13 gnolls
  11 adders
  A shadow imp (D:7)
  3 adder skeletons
  2 worms
  3 dart slugs
  4 leopard geckos
  11 orcs
  2 ball pythons (D:3)
  7 bats
  12 giant cockroaches
  8 goblins
  10 hobgoblins
  13 jackals
  A quokka (D:5)
  2 frilled lizards
  A gnoll zombie (Ossuary)
  A hobgoblin zombie (Ossuary)
  A jackal skeleton (D:4)
  A jackal zombie (D:5)
  7 kobolds
  4 kobold zombies (Ossuary)
  2 orc zombies (Ossuary)
  2 quokka skeletons
  2 quokka zombies
  5 rats
  A fungus (D:5)
185 creatures vanquished.

Notes
Turn   | Place    | Note
-------+----------+-------------------------------------------
     0 | D:1      | Johnny the Demigod Earth Elementalist began the quest for
                  | the Orb.
     0 | D:1      | Reached XP level 1. HP: 14/14 MP: 5/5
   142 | D:1      | Reached skill level 3 in Earth Magic
   463 | D:1      | Reached XP level 2. HP: 20/20 MP: 5/7
   888 | D:2      | Found a basalt altar of Yredelemnul.
   957 | D:2      | Reached XP level 3. HP: 22/26 MP: 9/9
  1386 | D:2      | Reached skill level 4 in Earth Magic
  1443 | D:2      | Reached XP level 4. HP: 23/33 MP: 5/10
  2091 | D:3      | Reached skill level 1 in Shields
  2121 | D:3      | Found a shimmering blue altar of Sif Muna.
  2177 | D:3      | Found a faded altar of an unknown god.
  2643 | D:4      | Found a sand-covered staircase.
  2650 | Ossuary  | Entered an ossuary
  2673 | Ossuary  | Reached XP level 5. HP: 38/38 MP: 4/12
  2932 | Ossuary  | Reached skill level 5 in Earth Magic
  3298 | D:4      | Reached XP level 6. HP: 45/45 MP: 11/13
  3474 | D:4      | Found a burning altar of Makhleb.
  3508 | D:4      | Found a sparkling altar of Nemelex Xobeh.
  3509 | D:4      | Found a runed translucent door.
  3776 | D:4      | Found Weurr's General Store.
  3779 | D:4      | Bought a scroll of teleportation for 36 gold pieces
  3779 | D:4      | Bought a potion of magic for 96 gold pieces
  3800 | D:4      | Found Deonnoe's Gadget Shop.
  3967 | D:4      | Reached XP level 7. HP: 25/50 MP: 15/15
  4035 | D:4      | Reached skill level 6 in Earth Magic
  4164 | D:4      | Learned a level 3 spell: Stone Arrow
  4170 | D:4      | Learned a level 5 spell: Lee's Rapid Deconstruction
  4175 | D:4      | Learned a level 4 spell: Petrify
  4338 | D:4      | Found a staircase to the Ecumenical Temple.
  4630 | D:4      | Found Qoapsad's Antique Weapon Shop.
  4801 | D:4      | Noticed Curus's ghost (amateur MiGl)
  4822 | D:5      | Entered Level 5 of the Dungeon
  4994 | D:5      | Found a hazy altar of Hepliaklqana.
  5370 | D:5      | Noticed Dowan
  5371 | D:5      | Noticed Duvessa
  5375 | D:5      | Killed Duvessa
  5375 | D:5      | Reached skill level 7 in Earth Magic
  5379 | D:5      | Killed Dowan
  5379 | D:5      | Reached XP level 8. HP: 45/57 MP: 9/18
  5727 | D:5      | Found a white marble altar of Elyvilon.
  5800 | D:5      | Noticed Edmund
  5835 | D:5      | Killed Edmund
  5978 | D:5      | Killed Curus's ghost
  6162 | D:5      | Noticed Grinder
  6170 | D:5      | Killed Grinder
  6170 | D:5      | Reached skill level 5 in Spellcasting
  6170 | D:5      | Reached skill level 8 in Earth Magic
  6571 | D:5      | Found a runed translucent door.
  6572 | D:5      | Noticed Crazy Yiuf
  6576 | D:5      | Killed Crazy Yiuf
  7040 | D:6      | Reached skill level 5 in Shields
  7533 | D:7      | Reached XP level 9. HP: 56/62 MP: 17/20
  7744 | D:7      | Found a shimmering altar of Xom.
  7763 | D:7      | Found a glowing golden altar of the Shining One.
  7765 | D:7      | Found a snail-covered altar of Cheibriados.
  7766 | D:7      | Found an ornate altar of the Wu Jian Council.
  7783 | D:7      | Noticed Prince Ribbit
  7786 | D:7      | Reached skill level 9 in Earth Magic
  7791 | D:7      | Killed Prince Ribbit
  8256 | D:8      | Noticed Maggie
  8257 | D:8      | Noticed Maurice
  8259 | D:8      | Noticed Joseph
  8266 | D:8      | Killed Maggie
  8272 | D:8      | Killed Joseph
  8290 | D:8      | Shot with a sling bullet by Maurice

Illustrated notes

Levels and vault maps discovered:
D:1:      eino_arrival_water_cross, layout_rooms
D:2:      layout_basic, nicolae_overflow_crystal_walls, first_ration
D:3:      layout_loops_ring, lemuel_crystal_altar,
          chequers_ecumenical_altar_twisty
D:4:      layout_loops_corners, makhleb_heckhound_becter,
          nemelex_xobeh_ov_fountains_minmay, minmay_temple_entry_fiery,
          serial_shops, nicolae_shop_waterfront, nicolae_shop_waterfront, shop,
          ebering_ghost_inner_flame, nicolae_ossuary_entry_ruins,
          portal_sewer_entry_f
D:5:      cheibrodos_helix_gallery, layout_basic, lemuel_doored_altar,
          overflow_temple_1_default, uniq_grinder, uniq_edmund, uniq_duvessa,
          uniq_crazy_yiuf_cottage
D:6:      layout_cave_pools
D:7:      layout_loops_ring, gammafunk_temple_overflow_claw, basic_altar,
          amethyst_killhole, uniq_prince_ribbit1
D:8:      layout_basic, uniq_joseph, uniq_maurice, uniq_maggie

Skill      XL: |  1  2  3  4  5  6  7  8  9 |
---------------+----------------------------+-----
Earth Magic    | 3 4 5 7 8 9 |  9.8
Spellcasting   | 2 3 4 5 6 |  6.2
Shields        | 1 2 3 5 6 |  6.1
Dodging        | |  1.7
Stealth        | |  1.7
Transmutations | |  0.8

Action                   |  1- 3 |  4- 6 |  7- 9 || total
-------------------------+-------+-------+-------++-------
Melee: Unarmed           |    49 |       |       ||    49
       Short sword       |    74 |   152 |       ||   226
       Flail             |       |    21 |    87 ||   108
       Halberd           |       |       |    95 ||    95
       Dire flail        |       |       |    16 ||    16
 Cast: Sandblast         |    27 |    81 |    29 ||   137
       Stone Arrow       |       |       |    38 ||    38
       Lee's Rapid Decon |       |       |     6 ||     6
Evoke: Wand              |       |    11 |     3 ||    14
  Use: Scroll            |       |       |     3 ||     3
       Potion            |       |       |     1 ||     1
 Stab: Sleeping          |     4 |     2 |     3 ||     9
       Paralysed         |       |       |     5 ||     5
  Eat: Chunk             |     2 |     8 |    14 ||    24
       Ration            |       |       |     1 ||     1
Armor: Robe              |    59 |    58 |    48 ||   165
       Ring mail         |       |       |    53 ||    53
Dodge: Dodged            |   125 |   165 |   174 ||   464
